 Dungeon Crawl Stone Soup version 0.18-a0-1120-g03bd624 (webtiles) character file.

1662 truemonolith the Martial Artist (level 8, 0/63 HPs)
             Began as a Green Draconian Monk on Jan 17, 2016.
             Was a Priest of Cheibriados.
             Slain by a white ugly thing (13 damage)
             ... on level 7 of the Dungeon.
             The game lasted 00:13:52 (5651 turns).

truemonolith the Martial Artist (DrMo)              Turns: 5651, Time: 00:13:53

Health: 0/63       AC:  9    Str: 21    XL:     8   Next: 69%
Magic:  8/8        EV: 18    Int: 17    God:    Cheibriados [***...]
Gold:   261        SH:  0    Dex: 23    Spells: 0 memorised, 7 levels left

rFire  . . .     SeeInvis .       - Unarmed
rCold  . . .     Gourm    .     (armour unavailable)
rNeg   . . .     Faith    .     (no shield)
rPois  +         Spirit   .     (helmet restricted)
rElec  .         Dismiss  .     (no cloak)
rCorr  .         Reflect  .     r - +2 pair of gloves
SustAt .         Harm     .     (no boots)
MR     .....                    (no amulet)
Stlth  ++........               (no ring)
                                (no ring)

@: slowed, very slow, not resistant to hostile enchantments, unstealthy
A: breathe noxious fumes, unfitting armour, fangs 1, poison resistance,
cold-blooded, AC +6
a: Breathe Noxious Fumes, Bend Time, Temporal Distortion, Renounce Religion


You were on level 7 of the Dungeon.
You worshipped Cheibriados.
Cheibriados was most pleased with you.
You were not hungry.

You visited 1 branch of the dungeon, and saw 7 of its levels.

You collected 261 gold pieces.

Inventory:

Armour
 r - a +2 pair of gloves (worn)
Jewellery
 x - an uncursed ring of poison resistance
 y - a cursed -2 ring of dexterity {unknown}
Wands
 c - a wand of paralysis (19/24)
Scrolls
 b - a scroll of remove curse
 g - 3 scrolls of identify
 i - 2 scrolls of teleportation
 p - 3 scrolls of enchant weapon
Potions
 d - a potion of agility
 e - a potion of mutation
 j - 2 potions of ambrosia
 k - a potion of cancellation
 m - 2 potions of poison {unknown}
 q - 2 potions of brilliance {unknown}
 s - a potion of flight {unknown}
 u - a potion of curing
Comestibles
 a - 3 bread rations
 h - 3 slices of pizza
 A - a meat ration
 B - a beef jerky


   Skills:
 - Level 3.2 Fighting
 + Level 6.1 Dodging
 - Level 1.7 Stealth
 - Level 10.2 Unarmed Combat


You had 7 spell levels left.
You didn't know any spells.

Dungeon Overview and Level Annotations

Branches:
Dungeon (7/15)             Temple (0/1) D:5

Altars:
Ashenzari
Cheibriados
Gozag
Nemelex Xobeh
Ru
Sif Muna
Yredelemnul
The Shining One

Shops:
D:4 =   D:5 }

Annotations:
D:7 nago's ghost, novice NaFi


Innate Abilities, Weirdness & Mutations

You can breathe blasts of noxious fumes.
Your lurid green scales are hard (AC +6).
Your body does not fit into most forms of armour.
Your system is resistant to poisons.
You are cold-blooded and may be slowed by cold attacks.
You have very sharp teeth.


Message History

The white ugly thing is moderately wounded.
You barely miss the white ugly thing.
The white ugly thing is moderately wounded.
The white ugly thing stings you. The white ugly thing freezes you!!
You feel yourself slow down.
Ouch! That really hurt!
* * * LOW HITPOINT WARNING * * *
You punch the white ugly thing!
You bite the white ugly thing, but do no damage.
The white ugly thing is heavily wounded.
The white ugly thing completely misses you.
Read which item? (? for menu, Esc to quit)
Okay, then.
Drink which item? (? for menu, Esc to quit)
You feel much better.
You feel yourself speed up. The white ugly thing stings you!
* * * LOW HITPOINT WARNING * * *
The white ugly thing freezes you!
You feel yourself slow down.
You die...

##### #...#
########.#.#
##?#@#.#..#.#
#..u#.###.#.#
#.####.#..#.####
# #.###.#....#
##.#..#....#
##.#.#....#
###.#....#
..#....# ...
.##....#


You could see a white ugly thing.

Vanquished Creatures
  Grinder (D:3)
  An orc warrior (D:6)
  A black bear (D:7)
  A sky beast (D:5)
  An ogre (D:4)
  3 centaurs
  A giant frog (D:6)
  A water moccasin zombie (D:5)
  A jelly (D:5)
  4 crimson imps
  A quasit (D:6)
  A centaur skeleton (D:6)
  4 hounds
  4 orc wizards
  A giant frog skeleton (D:4)
  2 worker ants
  A hound skeleton (D:6)
  6 adders
  A shadow imp (D:5)
  3 oozes
  An adder skeleton (D:5)
  3 worms
  3 giant geckos
  17 orcs
  A ball python (D:3)
  5 bats
  A giant cockroach (D:2)
  13 goblins
  8 hobgoblins
  11 jackals
  A quokka (D:6)
  5 giant newts
  6 kobolds
  A quokka skeleton (D:7)
  6 rats
121 creatures vanquished.

Notes
Turn   | Place    | Note
--------------------------------------------------------------
     0 | D:1      | truemonolith the Draconian Monk began the quest for the Orb.
     0 | D:1      | Reached XP level 1. HP: 19/19 MP: 1/1
   105 | D:1      | Reached XP level 2. HP: 19/26 MP: 2/2
   498 | D:1      | Reached skill level 5 in Unarmed Combat
   498 | D:1      | Reached XP level 3. HP: 22/31 MP: 3/3
  1023 | D:2      | Found a shattered altar of Ashenzari.
  1502 | D:2      | Found a sparkling altar of Nemelex Xobeh.
  1512 | D:2      | Reached XP level 4. HP: 38/38 MP: 4/4
  1630 | D:3      | Found a basalt altar of Yredelemnul.
  2010 | D:3      | Noticed Grinder
  2023 | D:3      | Paralysed by Grinder for 6 turns
  2050 | D:3      | Killed Grinder
  2050 | D:3      | Reached skill level 7 in Unarmed Combat
  2050 | D:3      | Reached XP level 5. HP: 17/45 MP: 5/5
  2050 | D:3      | Reached XP level 6. HP: 19/51 MP: 6/6
  2656 | D:3      | Found a deep blue altar of Sif Muna.
  2666 | D:3      | Found a glowing golden altar of the Shining One.
  2773 | D:3      | Found a sacrificial altar of Ru.
  3021 | D:4      | Reached skill level 8 in Unarmed Combat
  3214 | D:4      | Found Quohyrr's Jewellery Boutique.
  3270 | D:4      | Reached XP level 7. HP: 54/57 MP: 7/7
  3270 | D:4      | Your scales start taking on a lurid green colour.
  3270 | D:4      | Gained mutation: Your system is resistant to poisons. [Green Draconian growth]
  3500 | D:5      | Entered Level 5 of the Dungeon
  3531 | D:5      | Found a snail-covered altar of Cheibriados.
  3539 | D:5      | Became a worshipper of Cheibriados the Contemplative
  3539 | D:5      | Reached * piety under Cheibriados
  3539 | D:5      | Reached ** piety under Cheibriados
  3553 | D:5      | Reached skill level 9 in Unarmed Combat
  3684 | D:5      | Found a staircase to the Ecumenical Temple.
  3916 | D:5      | Found Guece Deg's Quality Used Wands.
  3947 | D:5      | Reached skill level 10 in Unarmed Combat
  4239 | D:5      | Reached XP level 8. HP: 60/63 MP: 8/8
  4574 | D:6      | Found an opulent altar of Gozag.
  4823 | D:6      | Reached skill level 5 in Dodging
  4824 | D:6      | Reached *** piety under Cheibriados
  5059 | D:5      | Gained mutation: You have very sharp teeth. [potion of beneficial mutation]
  5520 | D:7      | Noticed nago's ghost (novice NaFi)
  5642 | D:7      | Noticed a white ugly thing
  5645 | D:7      | Noticed a hill giant
  5649 | D:7      | HP: 1/63 [white ugly thing (34)]
  5651 | D:7      | Slain by a white ugly thing

Vault maps used:
D:1:      dpeg_arrival_morbid_curiosity, kennysheep_nondescript
D:2:      ashenzari_conservatory_becter, nemelex_xobeh_ov_fountains_minmay
D:3:      old_standard_altar, minitemple, nicolae_ru_the_path_less_chosen,
          uniq_grinder
D:4:      first_bread, serial_shops, shop
D:5:      cheibriados_altar_1, minmay_temple_entry_crystal_x,
          nicolae_for_you_no_charge
D:6:      nicolae_gozag_seed_capital
D:7:      minmay_small_thing

Action                   |  1- 3 |  4- 6 |  7- 9 || total
-------------------------+-------+-------+-------++-------
Melee: Unarmed           |   109 |   151 |   138 ||   398
Invok: Bend Time         |       |       |     1 ||     1
  Use: Potion            |       |     3 |     4 ||     7
       Scroll            |       |       |    12 ||    12
 Stab: Sleeping          |     1 |     5 |     5 ||    11
       Distracted        |       |     1 |     1 ||     2
  Eat: Bread ration      |     1 |     1 |     1 ||     3
